 Dungeon Crawl Stone Soup version 0.31-a0-128-g25add195a6 (webtiles) character file.

Game seed: 1466831315957515143

98 senseless the Shooter (level 4, -1/37 HPs)
             Began as a Demigod Hunter on June 1, 2023.
             Slain by an orc
             ... wielding a +0 hand axe
              (4 damage)
             ... on level 3 of the Dungeon.
             The game lasted 00:04:41 (1817 turns).

senseless the Shooter (Demigod Hunter)              Turns: 1817, Time: 00:04:42

Health: -1/37      AC:  4    Str: 12    XL:     4   Next: 20%
Magic:  6/6        EV: 13    Int: 11    God:
Gold:   80         SH:  0    Dex: 21    Spells: 3/3 levels left

rFire   . . .        a - +0 shortbow
rCold   . . .        (shield currently unavailable)
rNeg    . . .        q - +0 robe
rPois   .            l - +0 helmet
rElec   .            (no cloak)
rCorr   .            (no gloves)
SInv    .            m - +0 pair of boots
Will    .....        (no amulet)
Stlth   ++           (no ring)
HPRegen 0.26/turn    (no ring)
MPRegen 0.10/turn

%: no passive effects
@: no status effects
A: high MP 1, forlorn, divine attributes
a: no special abilities


You were on level 3 of the Dungeon.
You visited 1 branch of the dungeon, and saw 3 of its levels.

You collected 80 gold pieces.

Inventory:

Hand Weapons
 a - a +0 shortbow (weapon)
Armour
 c - a +0 leather armour
 l - a +0 helmet (worn)
 m - a +0 pair of boots (worn)
 n - a scarf of harm
 q - a +0 robe (worn)
 r - a +0 ring mail
Scrolls
 b - a scroll of butterflies
 e - a scroll of magic mapping {unknown}
 g - a scroll of noise {unknown}
 h - 3 scrolls of identify {unknown}
 i - 2 scrolls of enchant weapon {unknown}
 k - a scroll of brand weapon {unknown}
 o - a scroll of teleportation {unknown}
 p - a scroll of amnesia {unknown}
Potions
 d - a potion of mutation {unknown}
 f - a potion of haste {unknown}
 j - 2 potions of might {unknown}


   Skills:
 + Level 2.9 Fighting
 + Level 4.2 Ranged Weapons
 + Level 2.8 Dodging
 - Level 0.8 Stealth


You had 3 spell levels left.
You didn't know any spells.
Your spell library was empty.

Dungeon Overview and Level Annotations

Branches:
Dungeon (3/15)


Innate Abilities, Weirdness & Mutations

You have an increased reservoir of magic. (+10% MP)
You shall have no god before yourself.
Your divine heritage dramatically boosts your attributes as you level up.


Message History

Okay, then.
You start resting.
You feel sick. x5
You are no longer poisoned.
HP restored.
You see here a ball python corpse.
An endoplasm comes into view.
You shoot an arrow. The arrow hits the endoplasm.
You kill the endoplasm!
A rat comes into view.
You shoot an arrow. The arrow hits the rat!
You kill the rat!
Found 3 stones.
You see here 3 stones.
You open the door. 2 orcs and an orc priest come into view.
An orc is wielding a +0 trident and wearing a +1 chain mail of cold resistance.
The orc priest is wielding a +2 dagger of electrocution.
The orc shouts!
A goblin comes into view. It is wielding a +0 sling.
The goblin shouts!
You hear a shout! x2
The orc enters a dispersal trap!
The goblin blinks!
You blink.
A ball python comes into view.
The orc blinks!
The ball python hisses angrily.
The orc shouts!
The orc priest hits you with a +2 dagger of electrocution.
You are electrocuted!
The orc hits you from afar with a +0 trident.
The orc closely misses you.
The orc priest attacks as you move away!
The orc priest hits you with a +2 dagger of electrocution.
The orc priest calls down the wrath of Beogh upon you.
Pain shoots through your body!
* * * LOW HITPOINT WARNING * * *
The orc enters a dispersal trap!
The orc blinks!
The orc priest blinks!
The rat blinks!
The orc priest blinks!
The orc blinks! x2
The ball python blinks!
The orc priest blinks!
The rat blinks!
You blink.
Found a stone staircase leading down.
The orc blinks!
You shoot an arrow. The arrow closely misses the orc.
The orc priest begins to cast a cantrip, but forgets the words!
The orc hits you with a +0 hand axe.
You die...

.# .# .#
#.............. .#
#.............. .#
#............. .#
#.........§... .#
##...§§...... .#
#.....§....######...
.#
#...§......#@......>
.#
#.......o...o......#
.#
#......§.§.........#
.#
#.....§............#
.#
######'#+###+#######
.# #.# .# #.# .# #.#
.# #.#


You could see an orc priest and an orc.

Vanquished Creatures
  A scorpion (D:3)
  3 bats
  7 endoplasms
  2 giant cockroaches (D:2)
  2 goblins
  3 hobgoblins
  4 kobolds
  A quokka (D:2)
  3 ball pythons
  2 frilled lizards
  6 rats
34 creatures vanquished.

Notes
Turn   | Place    | Note
-------+----------+-------------------------------------------
     0 | D:1      | senseless the Demigod Hunter began the quest for the Orb.
     0 | D:1      | Reached XP level 1. HP: 17/17 MP: 3/3
   318 | D:1      | Reached XP level 2. HP: 24/24 MP: 4/4
  1147 | D:2      | Reached XP level 3. HP: 21/30 MP: 5/5
  1236 | D:2      | Reached skill level 4 in Ranged Weapons
  1595 | D:3      | Noticed a scorpion
  1608 | D:3      | Killed a scorpion
  1609 | D:3      | Reached XP level 4. HP: 6/37 MP: 6/6
  1817 | D:3      | Slain by an orc

Illustrated notes

Levels and vault maps discovered:
D:1:      minmay_arrival_four_houses, layout_rooms,
          ebering_ecumenical_altar_petrified
D:2:      layout_loops_corners, basic_altar
D:3:      layout_basic, serial_bayou_pond_a, minmay_vboxes

Skill      XL: |  1  2  3 |
---------------+----------+-----
Fighting       | 2 |  2.9
Dodging        | 2 |  2.8
Ranged Weapons | 4 |  4.2
Stealth        | |  0.8

Action                     |  1- 3 |  4- 6 || total
---------------------------+-------+-------++-------
   Fire: Shortbow          |    99 |     3 ||   102
 Armour: Leather armour    |    11 |       ||    11
         Robe              |     2 |       ||     2
  Dodge: Dodged            |    22 |     1 ||    23

Table legend: (Time is in decaauts)
 A = Elapsed time spent in this place.
 B = Non-inter-level travel time spent in this place.
 C = Inter-level travel time spent in this place.
 D = Time resting spent in this place.
 E = Time spent auto-exploring this place.
 F = Levels seen in this place.
 G = Mean time per level.
                   A        B        C        D        E       F      G
               +--------+--------+--------+--------+--------+-----+--------+
         Total |   1841 |   1633 |    208 |      5 |   1361 |   3 |  613.7 |
       Dungeon |   1841 |   1633 |    208 |      5 |   1361 |   3 |  613.7 |
               +--------+--------+--------+--------+--------+-----+--------+

Top non-repeatable levels by time:
     D:2: 1103 daAuts
     D:1: 509 daAuts
     D:3: 227 daAuts
